 Dungeon Crawl Stone Soup version 0.29.1-15-g9cfb28693d (webtiles) character file.

Game seed: 16903041822507694518

2 leafyfresh the Sneak (level 1, 0/16 HPs)
             Began as an Octopode Delver on Feb 25, 2023.
             Slain by an ufetubus (2 damage)
             ... on level 6 of the Dungeon.
             The game lasted 00:00:14 (43 turns).

leafyfresh the Sneak (Octopode Delver)                Turns: 43, Time: 00:00:15

Health: 0/16       AC:  1    Str: 11    XL:     1   Next: 30%
Magic:  1/1        EV: 13    Int: 12    God:
Gold:   4          SH:  0    Dex: 13    Spells: 0/0 levels left

rFire   . . .      SeeInvis .   a - +0 short sword
rCold   . . .      Faith    .   (no shield)
rNeg    . . .      Spirit   .   (helmet restricted)
rPois   .          Reflect  .   (no amulet)
rElec   .          Harm     .   (no ring)
rCorr   .          Rampage  .   (no ring)
Will    .....                   (no ring)
Stlth   ++++......              (no ring)
HPRegen 0.05/turn               (no ring)
MPRegen 0.07/turn               (no ring)
                                (no ring)
                                (no ring)

@: no status effects
A: almost no armour, amphibious, 8 rings, camouflage 1, gelatinous body 1,
(nimble swimmer 1), tentacles
a: no special abilities


You were on level 6 of the Dungeon.
You visited 1 branch of the dungeon, and saw 2 of its levels.

You collected 4 gold pieces.

Inventory:

Hand Weapons
 a - a +0 short sword (weapon)
Wands
 f - a wand of digging (3)
Scrolls
 b - a scroll of fog
 c - a scroll of magic mapping
 d - a scroll of fear
Potions
 e - a potion of haste


   Skills:
 + Level 3.0 Fighting
 + Level 2.0 Short Blades
 + Level 2.0 Dodging
 + Level 6.6 Stealth


You couldn't memorise any spells.
You didn't know any spells.
Your spell library was empty.

Dungeon Overview and Level Annotations

Branches:
Dungeon (6/15)
 Temple: D:4-7

Altars:

Annotations:
D:5 Menkaure


Innate Abilities, Weirdness & Mutations

You cannot wear most types of armour.
You are amphibious.
You can wear up to eight rings at the same time.
Your skin changes colour to match your surroundings (Stealth+).
Your rubbery body absorbs attacks. (AC +1, EV +1)
((You are camouflaged when in or above water. (Stealth+)))
You have tentacles for arms and can constrict up to eight enemies at once.


Message History

The helpless orc fails to defend itself.
You puncture the orc!
You kill the orc!
You now have 4 gold pieces.
An ufetubus comes into view.
An ufetubus is nearby!
Menkaure, Prince of Dust comes into view.
There are monsters nearby!
There are monsters nearby!
Menkaure casts a spell.
Menkaure seems to speed up.
The ufetubus shouts!
Unknown command.
The ufetubus closely misses you. x3; The ufetubus misses you.
The ufetubus hits you. The ufetubus barely misses you.
The ufetubus barely misses you. The ufetubus hits you.
Menkaure calls on the powers of darkness!
Your body is wracked with pain!
There is a stone staircase leading down here.
The ufetubus barely misses you. The ufetubus misses you.
The ufetubus closely misses you. x2
You climb downwards.
Found a leather armour and 18 gold pieces.
There is a stone staircase leading up here.
Unknown command.
The ufetubus attacks as you move away! The ufetubus barely misses you.
The ufetubus closely misses you.
A scorpion comes into view.
The ufetubus closely misses you. The ufetubus hits you.
The ufetubus attacks as you move away! The ufetubus hits you.
The ufetubus barely misses you. The ufetubus misses you. The ufetubus hits you.
* * * LOW HITPOINT WARNING * * *
You hit the ufetubus but do no damage. You grab the ufetubus.
You constrict the ufetubus. The ufetubus closely misses you.
The ufetubus misses you.
You barely miss the ufetubus.
The ufetubus is lightly wounded.
You constrict the ufetubus. The ufetubus hits you.
You die...

..# # #.#
#.#.#
#.#.###
#..s..# ##
#.#.#.##...
#.....[.s..
#.#5#.#####
#.$@..#
###.### #..
####


You could see a scorpion and an ufetubus.

Vanquished Creatures
  An orc (D:5)
1 creature vanquished.

Notes
Turn   | Place    | Note
-------+----------+-------------------------------------------
     0 | D:5      | leafyfresh the Octopode Delver began the quest for the Orb.
     0 | D:5      | Reached XP level 1. HP: 16/16 MP: 1/1
    27 | D:5      | Noticed Menkaure
    37 | D:6      | Noticed a scorpion
    38 | D:6      | Noticed a scorpion
    43 | D:6      | Slain by an ufetubus

Illustrated notes

Levels and vault maps discovered:
D:5:      layout_loops_ring, nicolae_overflow_hallway_of_the_gods,
          gammafunk_ghost_arena, uniq_menkaure, uniq_pikel
D:6:      layout_loops_ring, serial_shops, shop

Action                   || total
-------------------------++-------
Melee: Short sword       ||     3
       Constrict         ||     1
 Stab: Sleeping          ||     1
Dodge: Dodged            ||    17
